 Dungeon Crawl Stone Soup version 0.31.0-12-g77e489cdc1 (webtiles) character file.

Game seed: 11419423388454283034

499 gohu the Magician (level 7, -5/49 HPs)
             Began as a Djinni Ice Elementalist on Mar 7, 2024.
             Was an Initiate of Makhleb.
             Slain by an ice beast (7 damage)
             ... on level 5 of the Dungeon.
             The game lasted 00:11:52 (3316 turns).

gohu the Magician (Djinni Ice Elementalist)         Turns: 3316, Time: 00:11:52

Health: -5/49      AC:  9    Str:  7    XL:     7   Next: 39%
Gold:   282        EV: 12    Int: 18    God:    Makhleb [......] SH:  0 Dex: 14

rFire   + + .        c - +0 sling
rCold   x . .        (no shield)
rNeg    . . .        a - +0 robe
rPois   ∞            (no helmet)
rElec   .            (no cloak)
rCorr   .            (no gloves)
SInv    .            (boots unavailable)
Will    .....        (no amulet)
Stlth   ++           (no ring)
HPRegen 0.28/turn    (no ring)
MPRegen 0.00/turn

%: infuse magic (-6 HP)
@: ice-armoured, flying
A: sickness immunity, fire resistance 2, cold vulnerability 1, float, innate
caster, HP casting, extra vitality 1
a: Renounce Religion


You were on level 5 of the Dungeon.
You worshipped Makhleb.
Makhleb was noncommittal.
You visited 1 branch of the dungeon, and saw 5 of its levels.

You collected 282 gold pieces.

Inventory:

Hand Weapons
 c - a +0 sling (weapon)
 h - a +2 dagger of venom
Missiles
 e - 3 javelins
Armour
 a - a +0 robe (worn)
 t - a +1 leather armour of cold resistance
Wands
 p - a wand of paralysis (9)
Scrolls
 i - a scroll of blinking {unknown}
 j - 2 scrolls of identify {unknown}
 k - 2 scrolls of revelation {unknown}
 m - a scroll of fog {unknown}
 n - a scroll of teleportation {unknown}
 q - a scroll of brand weapon {unknown}
 s - a scroll of enchant armour {unknown}
Potions
 b - a potion of brilliance {unknown}
 d - 2 potions of mutation {unknown}
 f - a potion of heal wounds {unknown}
 g - 2 potions of might {unknown}
 l - 3 potions of degeneration {unknown}
 o - a potion of resistance {unknown}
 r - a potion of invisibility {unknown}
 u - a potion of lignification {unknown}


   Skills:
 + Level 2.0 Fighting
 - Level 2.1 Dodging
 - Level 1.5 Stealth
 * Level 6.5 Spellcasting
 * Level 6.5 Conjurations
 * Level 6.5 Hexes
   Level 0.0 Charms
 * Level 6.5 Summonings
 * Level 6.5 Necromancy
 * Level 6.5 Translocations
   Level 0.0 Transmutations
 * Level 6.5 Fire Magic
 * Level 6.5 Ice Magic
 * Level 6.5 Air Magic
 * Level 6.5 Earth Magic
 * Level 6.5 Alchemy


You knew the following spells:

 Your Spells              Type           Power      Damage    Failure   Level
a - Freeze                Ice            100%       1d10      1%          1
b - Frozen Ramparts       Ice            58%        1d9       2%          3
c - Ozocubu's Armour      Ice            29%        N/A       2%          3
d - Summon Ice Beast      Ice/Summ       29%        N/A       2%          3
e - Apportation           Tloc           58%        N/A       1%          1
f - Scorch                Fire           58%        2d7       1%          2
g - Searing Ray           Conj           58%        2d6       1%          2
Your spell library was empty.

Dungeon Overview and Level Annotations

Branches:
Dungeon (5/15)
 Temple: D:4-7

Altars:
Makhleb
Okawaru
The Shining One


Innate Abilities, Weirdness & Mutations

You are immune to sickness and miasma.
You are immune to poison.
Your flesh is very heat resistant. (rF++)
You are vulnerable to cold. (rC-)
You float through the air rather than walking.
You learn spells naturally, not from books.
Your magical power is your life essence.
You have superior vitality. (+4 MHP)


Message History

Casting: Freeze (safe; 1% risk of failure)
Confirm with . or Enter, or press ? or * to list all spells.
Aiming: Freeze (safe; 1% risk of failure)
Press: ? - help, Shift-Dir - straight line, f/p - ice beast
Aim: an ice beast (water, lightly wounded, ally target)
You freeze the ice beast but do no damage.
The ice beast completely resists.
The ice beast hits you. The ice beast freezes you!
You feel a terrible chill!
Your ice beast hits the ice beast but does no damage.
Casting: Freeze (safe; 1% risk of failure)
Confirm with . or Enter, or press ? or * to list all spells.
Aiming: Freeze (safe; 1% risk of failure)
Press: ? - help, Shift-Dir - straight line, f/p - ice beast
Aim: an ice beast (water, lightly wounded, ally target)
You freeze the ice beast but do no damage.
The ice beast completely resists.
The ice beast hits you. The ice beast freezes you!!
You feel a terrible chill!
* * * LOW HITPOINT WARNING * * *
Your ice beast hits the ice beast but does no damage.
Casting: Freeze (safe; 1% risk of failure)
Confirm with . or Enter, or press ? or * to list all spells.
Aiming: Freeze (safe; 1% risk of failure)
Press: ? - help, Shift-Dir - straight line, f/p - ice beast
Aim: an ice beast (water, ally target)
You freeze the ice beast but do no damage.
The ice beast completely resists.
* * * LOW HITPOINT WARNING * * *
The ice beast hits you but does no damage.
Your ice beast hits the ice beast.
Your ice beast freezes the ice beast.
The ice beast completely resists.
Casting: Freeze (safe; 1% risk of failure)
Confirm with . or Enter, or press ? or * to list all spells.
A film of ice covers your body!
* * * LOW HITPOINT WARNING * * *
The ice beast closely misses you.
Your ice beast hits the ice beast but does no damage.
The ice beast hits you.
* * * LOW HITPOINT WARNING * * *
The ice beast freezes you!
You feel a terrible chill!
You die...

#......... ...
'......... . .
#.....o... ### ...
#......... +.. ....
#......... #
....##..)...... #
........# ###
≈≈.≈≈.Y.## #..
.≈..≈.≈..Y@.## ##.
.≈≈.....≈≈...# #.
....._.......# ##
.≈≈.....≈≈...# #
.≈..≈.≈..≈...# #. #
...≈≈.≈≈.....# .
#.###
#............###...
.....
#..................
.....
#....##......###...
#<...


You could see an ice beast (ally target) and a friendly ice beast (summoned).

Vanquished Creatures
  2 scorpions
  2 iguanas
  2 orc wizards (D:5)
  3 adders
  2 dart slugs
  2 ribbon worms
  9 orcs
  3 bats (D:1)
  6 endoplasms
  7 giant cockroaches
  6 goblins
  9 hobgoblins
  2 jackals (D:2)
  5 quokkas
  11 ball pythons
  6 frilled lizards
  7 kobolds
  6 rats
90 creatures vanquished.

Vanquished Creatures (collateral kills)
  A black bear (D:5)
  An iguana (D:5)
  An orc wizard (D:5)
  A dart slug (D:2)
  A ball python (D:4)
  An endoplasm (D:4)
  A goblin (D:3)
  A hobgoblin (D:3)
  2 quokkas
  A frilled lizard (D:3)
11 creatures vanquished.

Grand Total: 101 creatures vanquished

Notes
Turn   | Place    | Note
-------+----------+-------------------------------------------
     0 | D:1      | gohu the Djinni Ice Elementalist began the quest for the
                  | Orb.
     0 | D:1      | gohu set off with the following spells memorised: Freeze,
                  | Frozen Ramparts, Ozocubu's Armour, Summon Ice Beast.
     0 | D:1      | Reached XP level 1. HP: 15/15 MP: 0/0
   108 | D:1      | Reached XP level 2. HP: 20/21 MP: 0/0
   322 | D:1      | Reached XP level 3. HP: 25/25 MP: 0/0
   322 | D:1      | Learned a level 1 spell: Apportation
  1236 | D:2      | Reached XP level 4. HP: 30/31 MP: 0/0
  1824 | D:2      | Found a faded altar of an unknown god.
  2065 | D:3      | Found a glowing golden altar of the Shining One.
  2255 | D:4      | Reached skill level 5 in Spellcasting
  2255 | D:4      | Reached skill level 5 in Conjurations
  2255 | D:4      | Reached skill level 5 in Hexes
  2255 | D:4      | Reached skill level 5 in Summonings
  2255 | D:4      | Reached skill level 5 in Necromancy
  2255 | D:4      | Reached skill level 5 in Translocations
  2255 | D:4      | Reached skill level 5 in Fire Magic
  2255 | D:4      | Reached skill level 5 in Ice Magic
  2255 | D:4      | Reached skill level 5 in Air Magic
  2255 | D:4      | Reached skill level 5 in Earth Magic
  2255 | D:4      | Reached skill level 5 in Alchemy
  2255 | D:4      | Reached XP level 5. HP: 30/35 MP: 0/0
  2255 | D:4      | Learned a level 2 spell: Scorch
  2763 | D:4      | Reached XP level 6. HP: 33/40 MP: 0/0
  2834 | D:4      | Found a burning altar of Makhleb.
  2839 | D:4      | Became a worshipper of Makhleb the Destroyer
  2918 | D:5      | Entered Level 5 of the Dungeon
  3013 | D:5      | Noticed a black bear
  3018 | D:5      | Killed a black bear
  3019 | D:5      | Reached skill level 1 in Fighting
  3019 | D:5      | Reached XP level 7. HP: 32/47 MP: 0/0
  3019 | D:5      | Learned a level 2 spell: Searing Ray
  3147 | D:5      | Found an iron altar of Okawaru.
  3316 | D:5      | HP: 2/49 [ice beast (4)]
  3316 | D:5      | Slain by an ice beast

Illustrated notes

Levels and vault maps discovered:
D:1:      reono_arrival_forest_river, layout_basic, minmay_domino_2
D:2:      minmay_recursive_quarters, layout_loops_cross,
          shapermc_ecumenical_altar_flowoftime
D:3:      layout_basic, lemuel_doored_altar
D:4:      layout_rooms, lightli_temple_of_fire, supply_closet_lemuel,
          nrook_mini_vaults
D:5:      dreamdust_elfheim, layout_basic, mainiacjoe_overflow_small_starburst

Skill      XL: |  1  2  3  4  5  6  7 |
---------------+----------------------+-----
Spellcasting   | 4 5 6 |  6.5
Conjurations   | 4 5 6 |  6.5
Hexes          | 4 5 6 |  6.5
Summonings     | 4 5 6 |  6.5
Necromancy     | 4 5 6 |  6.5
Translocations | 4 5 6 |  6.5
Fire Magic     | 4 5 6 |  6.5
Ice Magic      | 4 5 6 |  6.5
Air Magic      | 4 5 6 |  6.5
Earth Magic    | 4 5 6 |  6.5
Alchemy        | 4 5 6 |  6.5
Fighting       | 1 2 |  2.0
Dodging        | |  2.1
Stealth        | |  1.5

Action                     |  1- 3 |  4- 6 |  7- 9 || total
---------------------------+-------+-------+-------++-------
   Fire: Sling             |    48 |    83 |     8 ||   139
   Cast: Freeze            |    28 |    40 |     6 ||    74
         Summon Ice Beast  |     1 |     5 |     3 ||     9
         Frozen Ramparts   |     1 |     9 |     5 ||    15
         Ozocubu's Armour  |       |     5 |     2 ||     7
 Armour: Robe              |    11 |    14 |     9 ||    34
  Dodge: Dodged            |    12 |    12 |     7 ||    31
